 Dungeon Crawl Stone Soup version 0.24-a0-139-geb6712d (console) character file.

Game seed: 5941862588288413586

1710 bli the Carver (level 9, -3/67 HPs)
             Began as a Formicid Abyssal Knight on Mar 2, 2019.
             Was a Priest of Lugonu.
             Slain by a slave (6 damage)
             ... led by Pikel
             ... on level 6 of the Dungeon.
             The game lasted 00:18:25 (6445 turns).

bli the Carver (Formicid Abyssal Knight)            Turns: 6445, Time: 00:18:25

Health: -3/67      AC: 10    Str: 18    XL:     9   Next: 24%
Magic:  0/10       EV: 14    Int: 13    God:    Lugonu [***...]
Gold:   341        SH:  0    Dex: 13    Spells: 8/8 levels left

rFire    . . .     SeeInvis +   a - +1 falchion
rCold    . . .     Gourm    .   (no shield)
rNeg     . . .     Faith    .   w - +0 leather armour
rPois    .         Spirit   +   (helmet unavailable)
rElec    .         Reflect  .   k - +2 cloak
rCorr    .         Harm     .   (no gloves)
MR       .....                  (no boots)
Stlth    ++........             K - amulet of guardian spirit
HPRegen  0.21/turn              C - +4 ring of protection
MPRegen  0.12/turn              H - +2 ring of intelligence

@: no status effects
A: permanent stasis, dig shafts and tunnels, four strong arms, antennae 3
a: Dig, Shaft Self, Depart the Abyss, Bend Space, Banish, Renounce Religion


You were on level 6 of the Dungeon.
You worshipped Lugonu.
Lugonu was most pleased with you.
You were not hungry.

You visited 1 branch of the dungeon, and saw 7 of its levels.
You visited the Abyss 1 time.

You collected 341 gold pieces.

Inventory:

Hand Weapons
 a - a +1 falchion (weapon)
 b - a +0 hunting sling
 I - a +0 long sword
 J - a +0 rapier
 Q - a +0 long sword
Missiles
 e - 4 needles of confusion
 o - 52 sling bullets
 v - 96 stones
 B - 5 tomahawks
 D - 7 javelins of returning (quivered)
 L - 12 poisoned needles
Armour
 d - a +0 chain mail
 g - a +0 ring mail
 k - a +2 cloak (worn)
 w - a +0 leather armour (worn)
 y - a +0 scale mail
 G - a +0 cloak
Jewellery
 C - a +4 ring of protection (left hand)
 F - an uncursed ring of ice
 H - a +2 ring of intelligence (right hand)
 K - an amulet of guardian spirit (around neck)
 P - a +3 ring of protection
Scrolls
 f - a scroll of vulnerability {unknown}
 i - a scroll of noise {unknown}
 l - 6 scrolls of remove curse {unknown}
 p - a scroll of enchant weapon {unknown}
 q - 5 scrolls of identify {unknown}
 r - 4 scrolls of teleportation {unknown}
 t - 2 scrolls of magic mapping {unknown}
 u - 4 scrolls of enchant armour {unknown}
 x - 3 scrolls of blinking {unknown}
 z - a scroll of amnesia {unknown}
 E - a scroll of fear {unknown}
 R - a scroll of acquirement {unknown}
 S - a scroll of random uselessness {unknown}
Potions
 h - 2 potions of lignification {unknown}
 j - 5 potions of magic {unknown}
 m - a potion of invisibility {unknown}
 n - 2 potions of agility {unknown}
 s - a potion of curing
 A - 3 potions of degeneration {unknown}
 N - 2 potions of heal wounds {unknown}
 O - a potion of flight {unknown}
Comestibles
 c - 8 rations


   Skills:
 * Level 4.9 Fighting
 + Level 9.1 Long Blades
 + Level 3.4 Armour
 * Level 4.7 Dodging
 + Level 1.7 Stealth
 + Level 2.1 Invocations


You had 8 spell levels left.
You didn't know any spells.
Your spell library contained the following spells:

 Spells                   Type           Power        Failure   Level  Hunger
 Corona                   Hex            #......      36%         1    ##.....
 Flame Tongue             Conj/Fire      #....        36%         1    ##.....
 Ensorcelled Hibernation  Hex/Ice        #.....       50%         2    ###....
 Throw Flame              Conj/Fire      #.....       50%         2    ###....
 Confuse                  Hex            #.......     73%         3    ####...
 Conjure Flame            Conj/Fire      #.......     73%         3    ####...
 Dazzling Spray           Conj/Hex       #.....       73%         3    ####...
 Inner Flame              Hex/Fire       #.......     73%         3    ####...
 Tukima's Dance           Hex            #.......     73%         3    ####...
 Sticky Flame             Conj/Fire      #.......     98%         4    #####..
 Fireball                 Conj/Fire      #.........   100%        5    ######.


Dungeon Overview and Level Annotations

Branches:
Dungeon (7/15)             Temple (0/1) D:5

Altars:
Kikubaaqudgha
Trog
Uskayaw
Xom

Annotations:
D:6 Pikel


Innate Abilities, Weirdness & Mutations

You cannot be hasted, slowed, berserked, paralysed or teleported.
You can dig through walls and to a lower floor.
Your four strong arms can wield two-handed weapons with a shield.
You have a pair of large antennae on your head. (SInv)


Message History

* * * LOW HITPOINT WARNING * * *
Pikel hits you with a +0 whip of freezing.
* * * LOW HITPOINT WARNING * * *
Pikel freezes you.
* * * LOW HITPOINT WARNING * * *
You hit Pikel but do no damage.
Pikel is heavily wounded.
The slave closely misses you.
Pikel hits you with a +0 whip of freezing.
Pikel freezes you.
* * * LOW HITPOINT WARNING * * *
You barely miss Pikel.
Pikel is heavily wounded.
The slave completely misses you.
You riposte.
You slash the slave!
The slave is heavily wounded.
Pikel hits you but does no damage.
You hit Pikel.
Pikel is heavily wounded.
The slave hits you!
You die...

.# .# 5# p# p#
##p# #pK# ##@#
#..# ##.## #
#..# #########
#.## ....##..##
##.#
....#....####..#
....'....'.##.##
....#....#....#
....##..##.####
....######.#


You could see Pikel, 4 slaves and a shadow imp.

Vanquished Creatures
  Edmund (D:7)
  Duvessa (D:5)
  An ice beast (D:5)
  A sky beast (D:6)
  2 phantoms (D:6)
  3 ogres
  2 bullfrogs
  Dowan (D:5)
  A howler monkey (D:4)
  A crimson imp (D:5)
  A hound (D:5)
  An orc priest (D:4)
  4 orc wizards
  A bullfrog skeleton (D:5)
  8 worker ants
  Robin (D:2)
  3 gnolls (D:4)
  11 adders
  An ooze (D:2)
  An adder zombie (D:7)
  A worm (D:2)
  2 leopard geckos
  10 orcs
  A ball python (D:3)
  4 giant cockroaches
  14 goblins
  7 hobgoblins
  7 jackals
  A quokka (D:7)
  4 bats
  4 frilled lizards
  A jackal skeleton (D:4)
  4 kobolds
  5 rats
111 creatures vanquished.

Notes
Turn   | Place    | Note
-------+----------+-------------------------------------------
     0 | Abyss:1  | bli the Formicid Abyssal Knight began the quest for the
                  | Orb.
     0 | Abyss:1  | Reached XP level 1. HP: 18/18 MP: 2/2
    77 | Abyss:2  | Noticed a wretched star
    86 | Abyss:2  | Noticed a guardian serpent
    91 | D:1      | Escaped the Abyss
   211 | D:1      | Reached skill level 1 in Dodging
   353 | D:1      | Reached XP level 2. HP: 7/24 MP: 3/3
  1067 | D:2      | Reached * piety under Lugonu
  1127 | D:2      | Reached skill level 3 in Long Blades
  1127 | D:2      | Reached XP level 3. HP: 19/29 MP: 4/4
  1430 | D:2      | Noticed Robin
  1437 | D:2      | Killed Robin
  1444 | D:2      | Reached XP level 4. HP: 29/35 MP: 5/5
  1872 | D:2      | Found an ancient bone altar of Kikubaaqudgha.
  1918 | D:2      | Reached skill level 4 in Long Blades
  2361 | D:3      | Reached XP level 5. HP: 34/41 MP: 6/6
  2475 | D:3      | Reached ** piety under Lugonu
  3025 | D:4      | Noticed Duvessa
  3028 | D:4      | Noticed Dowan
  3032 | D:4      | Noticed an ice beast
  3046 | D:4      | HP: 2/41 [Duvessa/+0 short sword (8)]
  3049 | D:4      | You fall through a shaft for 3 floors!
  3380 | D:6      | Noticed an ogre
  3447 | D:6      | Noticed a bullfrog
  3448 | D:6      | Noticed Edmund
  3451 | D:6      | Noticed a sky beast
  3459 | D:7      | Killed a bullfrog
  3459 | D:7      | Reached XP level 6. HP: 47/47 MP: 7/7
  3489 | D:7      | Killed Edmund
  3489 | D:7      | Reached skill level 5 in Long Blades
  3707 | D:6      | Killed a sky beast
  3707 | D:6      | Reached XP level 7. HP: 35/53 MP: 8/8
  4019 | D:5      | Entered Level 5 of the Dungeon
  4045 | D:5      | Found a staircase to the Ecumenical Temple.
  4086 | D:5      | Noticed a +0 dagger
  4086 | D:5      | Noticed a +0 hand axe
  4089 | D:5      | Found a hide-covered altar of Uskayaw.
  4232 | D:5      | Found a shimmering altar of Xom.
  4233 | D:5      | Found a shimmering altar of Xom.
  4235 | D:5      | Found a shimmering altar of Xom.
  4235 | D:5      | Found a shimmering altar of Xom.
  4237 | D:5      | Found a shimmering altar of Xom.
  4237 | D:5      | Found a shimmering altar of Xom.
  4330 | D:5      | Reached skill level 6 in Long Blades
  4330 | D:5      | Reached XP level 8. HP: 33/60 MP: 9/9
  4525 | D:5      | Reached skill level 1 in Stealth
  4968 | D:5      | Killed Duvessa
  4968 | D:5      | Reached skill level 7 in Long Blades
  4979 | D:5      | Killed Dowan
  5662 | D:4      | Reached skill level 8 in Long Blades
  5909 | D:6      | Reached XP level 9. HP: 59/66 MP: 10/10
  6045 | D:6      | Found a bloodstained altar of Trog.
  6145 | D:6      | Reached skill level 9 in Long Blades
  6410 | D:6      | Reached *** piety under Lugonu
  6424 | D:6      | Noticed Pikel
  6443 | D:6      | HP: 3/67 [Pikel/+0 whip of freezing (1)]
  6445 | D:6      | Slain by a slave

Levels and vault maps discovered:
D:1:      sevenhm_arrival_forest_fort_small_1, layout_loops_ring,
          minmay_misc_feat_chi
D:2:      layout_basic, lemuel_crystal_altar, uniq_robin
D:3:      layout_basic, serial_corexii_hall, chequers_hall_statues_y,
          corexii_hall_statues_l, first_ration
D:4:      layout_basic, uniq_duvessa
D:5:      layout_basic, dancing_weapons_uskayaw, xom_redecorated,
          minmay_temple_entry_offerings, minivault_26
D:6:      layout_rooms, nicolae_overflow_crystal_walls, zaba_anthole,
          st_stairs_14, hangedman_abyss_or_decor_passed, chequers_arboretum,
          nicolae_benzene_ring, uniq_pikel, uniq_edmund
D:7:      layout_rooms, lemuel_round_altar, overflow_temple_1_default,
          uniq_prince_ribbit1
Abyss:1
Abyss:2:  evilmike_abyss_exit_mutagenic

Skill      XL: |  1  2  3  4  5  6  7  8  9 |
---------------+----------------------------+-----
Dodging        | 1 2 3 4 |  4.7
Long Blades    | 3 4 5 6 8 9 |  9.1
Fighting       | 4 |  4.9
Armour         | 3 |  3.4
Stealth        | 1 |  1.7
Invocations    | |  2.1

Action                   |  1- 3 |  4- 6 |  7- 9 || total
-------------------------+-------+-------+-------++-------
Melee: Falchion          |    52 |   227 |   331 ||   610
Throw: Javelin           |       |       |     8 ||     8
       Stone             |       |       |     3 ||     3
Invok: Depart the Abyss  |     1 |       |       ||     1
 Abil: Dig               |     5 |     2 |       ||     7
       Shaft Self        |       |     1 |       ||     1
 Stab: Sleeping          |       |       |     1 ||     1
  Eat: Chunk             |     2 |     8 |    10 ||    20
Armor: Leather armour    |    13 |    99 |   103 ||   215
Dodge: Dodged            |    33 |   143 |   201 ||   377
       Rpst.: Falchion   |    10 |    42 |    77 ||   129

Table legend:
 A = Non-vault XP
 B = Vault XP
 C = Vault XP percentage of total XP
 D = Non-vault monster count
 E = Vault monster count
 F = Vault count percentage of total count
                 A         B        C        D         E       F
            +---------+---------+-------+---------+---------+-------
      Total |    1816 |     628 |  25.7 |      89 |      22 |  19.8
            +---------+---------+-------+---------+---------+-------
        D:1 |      13 |       0 |   0.0 |       8 |       0 |   0.0
        D:2 |      65 |      36 |  35.6 |      13 |      12 |  48.0
        D:3 |      87 |       0 |   0.0 |      24 |       0 |   0.0
        D:4 |     336 |       0 |   0.0 |      14 |       0 |   0.0
        D:5 |     562 |     226 |  28.7 |      17 |       2 |  10.5
        D:6 |     608 |     200 |  24.8 |       7 |       6 |  46.2
        D:7 |     145 |     166 |  53.4 |       6 |       2 |  25.0
            +---------+---------+-------+---------+---------+-------
